 Dungeon Crawl Stone Soup version 0.31.0-9-g3a7656b989 (webtiles) character file.

Game seed: 1607546284938444805

7 Peloso the Covered (level 1, -1/20 HPs)
             Began as a Minotaur Fighter on Jan 27, 2024.
             Slain by a hobgoblin (4 damage)
             ... on level 1 of the Dungeon.
             The game lasted 00:00:37 (159 turns).

Peloso the Covered (Minotaur Fighter)                Turns: 159, Time: 00:00:38

Health: -1/20      AC:  9    Str: 20    XL:     1   Next: 91%
Magic:  0/0        EV:  7    Int:  5    God:
Gold:   16         SH:  4    Dex:  9    Spells: 0/0 levels left

rFire   . . .        a - +0 long sword
rCold   . . .        d - +0 buckler
rNeg    . . .        c - +0 chain mail
rPois   .            (helmet restricted)
rElec   .            (no cloak)
rCorr   .            (no gloves)
SInv    .            (no boots)
Will    .....        (no amulet) Stlth
                     (no ring)
HPRegen 0.23/turn    (no ring)
MPRegen 0.07/turn

%: no passive effects
@: no status effects
A: horns 2, retaliatory headbutt
a: no special abilities


You were on level 1 of the Dungeon.
You visited 1 branch of the dungeon, and saw 1 of its levels.

You collected 16 gold pieces.

Inventory:

Hand Weapons
 a - a +0 long sword (weapon)
Armour
 b - a +0 scale mail
 c - a +0 chain mail (worn)
 d - a +0 buckler (worn)
Scrolls
 f - a scroll of identify {unknown}
 g - a scroll of amnesia {unknown}
 i - a scroll of enchant armour {unknown}
Potions
 h - a potion of might


   Skills:
 + Level 3.8 Fighting
 + Level 2.4 Long Blades
 + Level 3.9 Armour
 + Level 3.8 Shields


You couldn't memorise any spells.
You didn't know any spells.
Your spell library was empty.

Dungeon Overview and Level Annotations

Branches:
Dungeon (1/15)

Altars:


Innate Abilities, Weirdness & Mutations

You have a pair of horns on your head.
You reflexively headbutt those who attack you in melee.


Message History

You block the giant cockroach's attack. The goblin hits you but does no damage.
The endoplasm hits you.
Unknown command.
You closely miss the giant cockroach.
You headbutt the giant cockroach, but do no damage.
The giant cockroach is moderately wounded.
The giant cockroach bites you but does no damage.
The endoplasm freezes you.
You are frozen.
The goblin barely misses you.
The giant cockroach bites you but does no damage.
You hit the giant cockroach.
You kill the giant cockroach!
The endoplasm hits you but does no damage.
The goblin hits you with a +0 dagger. You block the endoplasm's attack.
The goblin hits you with a +0 dagger. You block the hobgoblin's attack.
Unknown command.
The goblin hits you but does no damage. You block the endoplasm's attack.
Things that are here:
a giant cockroach corpse; a bat corpse Unknown command.
Found a smoky puce potion.
The endoplasm freezes you.
You are frozen.
* * * LOW HITPOINT WARNING * * *
Found 4 gold pieces.
The endoplasm attacks as it pursues you!
You block the endoplasm's attack.
Unknown command.
You barely miss the hobgoblin. The endoplasm freezes you.
You are frozen.
* * * LOW HITPOINT WARNING * * *
You slash the goblin!
You kill the goblin!
You block the hobgoblin's attack. The endoplasm closely misses you.
The hobgoblin barely misses you.
Unknown command.
You closely miss the hobgoblin. The endoplasm barely misses you.
The hobgoblin hits you.
You die...

# #..##.#...#..<#. ##.
#..#.###....###. ##..##
##..#.#####.# #.
#.....##...##.# #. #.
...........##.# #. ##
........##.#.## #
.......†##.#'###########
......J)##............##
......g@##............##
........##.........†....
........################
.......!# # ........# #
........# # .......!# #
.....$.## #


You could see an endoplasm and a hobgoblin.

Vanquished Creatures
  A giant cockroach (D:1)
  A goblin (D:1)
  3 ball pythons (D:1)
  2 bats (D:1)
7 creatures vanquished.

Notes
Turn   | Place    | Note
-------+----------+-------------------------------------------
     0 | D:1      | Peloso the Minotaur Fighter began the quest for the Orb.
     0 | D:1      | Reached XP level 1. HP: 19/19 MP: 0/0
   159 | D:1      | Slain by a hobgoblin

Illustrated notes

Levels and vault maps discovered:
D:1:      dpeg_arrival_round_a, layout_rooms

Action                     || total
---------------------------++-------
  Melee: Long sword        ||    19
         Headbutt          ||     2
    Use: Potion            ||     1
 Armour: Chain mail        ||    19
         Scale mail        ||     4
  Dodge: Dodged            ||    14
  Block: Buckler           ||     9
